 Dungeon Sprint DCSS version 0.31.0-9-g3a7656b989 (webtiles) character file.

Game seed: 664495344047264770

2943 Groucho the Thaumaturge (level 9, -5/52 HPs)
             Began as a Deep Elf Earth Elementalist on Feb 7, 2024.
             Was a High Priest of Sif Muna.
             Slain by a phantasmal warrior (30 damage)
             ... in the Dungeon (Sprint VII: "The Pits").
             The game lasted 00:07:03 (4376 turns).

Groucho the Thaumaturge (DEEE)                      Turns: 4376, Time: 00:07:04

Health: -5/52      AC:  3    Str:  5    XL:     9   Next: 51%
Magic:  18/28      EV: 15    Int: 28    God:    Sif Muna [*****.]
Gold:   0          SH:  0    Dex: 15    Spells: 21/34 levels left

rFire   . . .        n - +2 dagger (elec)
rCold   . . .        (no shield)
rNeg    . . .        a - +0 robe
rPois   .            s - +0 helmet
rElec   .            (no cloak)
rCorr   .            (no gloves)
SInv    .            (no boots)
Will    .....        (no amulet)
Stlth   +++          h - +3 ring of evasion
HPRegen 0.28/turn    o - +3 ring of intelligence
MPRegen 0.21/turn

%: no teleportation
@: no status effects
A: no striking features
a: Renounce Religion, Channel Magic, Forget Spell, Divine Exegesis


You were in the Dungeon.
You worshipped Sif Muna.
Sif Muna was extremely pleased with you.
You visited 1 branch

Inventory:

Hand Weapons
 n - a +2 dagger of electrocution (weapon)
 q - a +2 rapier of electrocution
Missiles
 m - 10 stones
Armour
 a - a +0 robe (worn)
 r - a +5 ring mail
 s - a +0 helmet (worn)
Jewellery
 h - a +3 ring of evasion (left hand)
 o - a +3 ring of intelligence (right hand)
Scrolls
 g - a scroll of blinking
 j - 2 scrolls of vulnerability
 k - 5 scrolls of amnesia
 l - a scroll of summoning
Potions
 b - 5 potions of magic
 c - 7 potions of curing
 d - 8 potions of heal wounds
 e - 2 potions of haste
 f - 4 potions of berserk rage
 i - 2 potions of invisibility
 p - 2 potions of brilliance


   Skills:
 + Level 3.9 Fighting
 - Level 5.0 Short Blades
 - Level 2.4 Dodging
 - Level 7.0 Stealth
 + Level 13.0 Spellcasting
 + Level 10.7 Conjurations
 + Level 12.3 Earth Magic
 + Level 8.7 Alchemy
 + Level 7.7 Invocations


You had 21 spell levels left.
You knew the following spells:

 Your Spells              Type           Power      Damage    Failure   Level
a - Sandblast             Erth           100%       2d20      1%          1
b - Stone Arrow           Conj/Erth      100%       3d13      1%          3
c - Petrify               Alch/Erth      67%        N/A       1%          4
d - Irradiate             Conj/Alch      32%        3d22      1%          5

Your spell library contained the following spells:

 Spells                   Type           Power      Damage    Failure   Level
 Mephitic Cloud           Conj/Alch/Air  53%        N/A       1%          3
 Passwall                 Erth           72%        N/A       1%          3
 Brom's Barrelling Bould  Conj/Erth      70%        2d8       1%          4
 Olgreb's Toxic Radiance  Alch           61%        N/A       1%          4
 Alistair's Intoxication  Alch           40%        N/A       2%          5
 Iskenderun's Mystic Bla  Conj/Tloc      48%        2d11      3%          4
 Confusing Touch          Hex            18%        N/A       9%          3
 Gell's Gravitas          Tloc           18%        N/A       9%          3
 Yara's Violent Unravell  Hex/Alch       21%        3d10      14%         5
 Passage of Golubria      Tloc           18%        N/A       28%         4
 Silence                  Hex/Air        9%         N/A       63%         5
 Enfeeble                 Hex            9%         N/A       100%        7


Dungeon Overview and Level Annotations

Branches:
Dungeon (1/1)

Altars:
Ashenzari
Cheibriados
Dithmenos
Elyvilon
Fedhas
Gozag
Hepliaklqana
Kikubaaqudgha
Makhleb
Nemelex Xobeh
Okawaru
Qazlal
Ru
Sif Muna
Trog
Uskayaw
Vehumet
Wu Jian
Xom
Yredelemnul
Zin
The Shining One
Jiyva
Lugonu


Message History

You start waiting.
Done waiting.
There is an open door here.
A laughing skull comes into view.
There is an open door here.
Aiming: Stone Arrow (safe; 1% risk of failure)
Press: ? - help, Q - select action, (/) - cycle Shift-Dir - straight line, f - you
Okay, then.
A phantasmal warrior comes into view.
The laughing skull gives a hideous shriek!
The laughing skull cackles spitefully.
The bolt of negative energy hits you!!
You feel drained.
Aiming: Stone Arrow (safe; 1% risk of failure)
Press: ? - help, Q - select action, (/) - cycle Shift-Dir - straight line, f - laughing skull
Aim: a laughing skull (55% to hit)
The stone arrow hits the laughing skull!!
You destroy the laughing skull!
Sif Muna accepts your kill.
Your life force feels restored.
Your Spellcasting skill increases to level 13!
Unknown command.
Aiming: Stone Arrow (safe; 1% risk of failure)
Press: ? - help, Q - select action, (/) - cycle Shift-Dir - straight line, f - you
Okay, then.
The phantasmal warrior gestures at you.
The phantasmal warrior blinks!
Aiming: Stone Arrow (safe; 1% risk of failure)
Press: ? - help, Q - select action, (/) - cycle Shift-Dir - straight line, f - phantasmal warrior
Aim: a phantasmal warrior (78% to hit)
The stone arrow hits the phantasmal warrior.
The phantasmal warrior is lightly damaged.
The phantasmal warrior hits you!
Unknown command.
Aiming: Stone Arrow (safe; 1% risk of failure)
Press: ? - help, Q - select action, (/) - cycle Shift-Dir - straight line, f/p - phantasmal warrior
Aim: a phantasmal warrior (lightly damaged, 78% to hit)
The stone arrow misses the phantasmal warrior.
The phantasmal warrior hits you!!
Ouch! That really hurt!
You die...

##'#####''######
......##''### #######
......##..).##..+...#
......##...##...#..#
..<...##..##...##..#
......##..#...##...+
......##..'..##....###
......##.##..#.......###
##########...'..@W...ยง.#
####### #....#....####..
.#...[##..#..##..##
.#...[##.###..##.+
.'..))### ##..#.# .#..))#
..+.. .#..).# ..##..
####### ### ###


You could see a phantasmal warrior.

Vanquished Creatures
  A molten gargoyle (D)
  An unseen horror (D)
  A kobold demonologist (D)
  A komodo dragon (D)
  An ice devil (D)
  A polar bear (D)
  3 glass eyes (D)
  A redback (D)
  A warg (D)
  A crocodile (D)
  2 laughing skulls (D)
  A weeping skull (D)
  A necrophage (D)
  2 scorpions (D)
  A quasit (D)
  An orc priest (D)
  An ufetubus (D)
  An adder skeleton (D)
  4 orcs (D)
  A bat zombie (D)
  2 endoplasms (D)
  A giant cockroach (D)
  2 quokkas (D)
  A goblin (D)
  3 kobolds (D)
  A rat (D)
37 creatures vanquished.

Notes
Turn   | Place    | Note
-------+----------+-------------------------------------------
     0 | D        | Groucho the Deep Elf Earth Elementalist began the quest for
                  | the Orb.
     0 | D        | Reached XP level 1. HP: 10/10 MP: 6/6
    47 | D        | Found a bloodstained altar of Trog.
    47 | D        | Found a shimmering blue altar of Sif Muna.
    47 | D        | Found a viscous altar of Jiyva.
    47 | D        | Found a hazy altar of Hepliaklqana.
    47 | D        | Found an opulent altar of Gozag.
    48 | D        | Found a glowing golden altar of the Shining One.
    48 | D        | Found a glowing silver altar of Zin.
    48 | D        | Found a basalt altar of Yredelemnul.
    48 | D        | Found a shimmering altar of Xom.
    48 | D        | Found an ornate altar of the Wu Jian Council.
    48 | D        | Found a sacrificial altar of Ru.
    48 | D        | Found a stormy altar of Qazlal.
    48 | D        | Found an iron altar of Okawaru.
    48 | D        | Found a sparkling altar of Nemelex Xobeh.
    48 | D        | Found a burning altar of Makhleb.
    48 | D        | Found a blossoming altar of Fedhas.
    48 | D        | Found a white marble altar of Elyvilon.
    48 | D        | Found a shadowy altar of Dithmenos.
    48 | D        | Found a snail-covered altar of Cheibriados.
    49 | D        | Found a radiant altar of Vehumet.
    49 | D        | Found a corrupted altar of Lugonu.
    50 | D        | Found an ancient bone altar of Kikubaaqudgha.
    50 | D        | Found a hide-covered altar of Uskayaw.
    50 | D        | Found a broken altar of Ashenzari.
    51 | D        | Became a worshipper of Sif Muna the Loreminder
   141 | D        | Noticed a glass eye
   145 | D        | Reached * piety under Sif Muna
   166 | D        | Killed a glass eye
   167 | D        | Reached skill level 7 in Spellcasting
   167 | D        | Reached skill level 5 in Conjurations
   167 | D        | Reached skill level 5 in Invocations
   167 | D        | Reached XP level 2. HP: 15/15 MP: 0/12
   167 | D        | Reached XP level 3. HP: 19/19 MP: 0/13
   167 | D        | Reached XP level 4. HP: 24/24 MP: 0/15
   167 | D        | Reached XP level 5. HP: 28/28 MP: 0/16
   661 | D        | Noticed a glass eye
   674 | D        | Learned a level 3 spell: Stone Arrow
   674 | D        | Reached ** piety under Sif Muna
   904 | D        | Killed a glass eye
   905 | D        | Reached skill level 8 in Spellcasting
   905 | D        | Reached XP level 6. HP: 32/32 MP: 4/19
  1375 | D        | Reached skill level 5 in Stealth
  1375 | D        | Reached *** piety under Sif Muna
  1411 | D        | Reached skill level 9 in Spellcasting
  1516 | D        | Reached **** piety under Sif Muna
  1517 | D        | Reached XP level 7. HP: 36/36 MP: 14/21
  1530 | D        | Learned a level 4 spell: Petrify
  1824 | D        | Noticed a redback
  1839 | D        | Killed a redback
  1840 | D        | Reached skill level 10 in Earth Magic
  2090 | D        | Noticed a glass eye
  2094 | D        | Killed a glass eye
  2094 | D        | Reached ***** piety under Sif Muna
  2095 | D        | Reached skill level 5 in Short Blades
  2095 | D        | Reached skill level 10 in Spellcasting
  2095 | D        | Reached skill level 5 in Alchemy
  2095 | D        | Received a gift from Sif Muna
  2099 | D        | Got Sif Muna's Incunabulum of Ill Luck and
                  | Transmogrification {god gift}
  2106 | D        | Learned a level 5 spell: Irradiate
  2514 | D        | Noticed a molten gargoyle
  2516 | D        | Reached XP level 8. HP: 42/42 MP: 17/24
  2518 | D        | Reached skill level 1 in Fighting
  2521 | D        | Killed a molten gargoyle
  2522 | D        | Reached skill level 11 in Spellcasting
  2965 | D        | Noticed a kobold demonologist
  2967 | D        | Killed a kobold demonologist
  3173 | D        | Noticed a polar bear
  3183 | D        | Killed a polar bear
  3184 | D        | Reached skill level 12 in Spellcasting
  3184 | D        | Reached XP level 9. HP: 50/50 MP: 16/27
  3502 | D        | Noticed a komodo dragon
  3502 | D        | Noticed an ice devil
  3520 | D        | Killed an ice devil
  3521 | D        | Reached skill level 10 in Conjurations
  3802 | D        | Killed a komodo dragon
  3806 | D        | Killed an unseen horror
  3806 | D        | Received a gift from Sif Muna
  3807 | D        | Got Sif Muna's Atlas of Twisted Ill Luck {god gift}
  4372 | D        | Noticed a phantasmal warrior
  4374 | D        | Reached skill level 13 in Spellcasting
  4376 | D        | Slain by a phantasmal warrior

Illustrated notes

Levels and vault maps discovered:
D:        pitsprint [storerooms_1, entrance_room_1, metal_vault_7, armoury_2,
          mini_pit_1, grid_room_1, main_hall_1, silver_pit, the_coven_1,
          the_vestibule_1, steel_vault_4, golden_pit, hallway_of_sentries,
          crystal_vault_1, iron_vault_2, final_vault]

Skill      XL: |  1  2  3  4  5  6  7  8  9 |
---------------+----------------------------+-----
Earth Magic    | 8 9 10 11 12 | 12.3
Conjurations   | 5 6 7 8 9 10 | 10.7
Spellcasting   | 7 8 9 10 12 13 | 13.0
Invocations    | 5 7 |  7.7
Short Blades   | 3 5 |  5.0
Stealth        | 4 6 7 |  7.0
Alchemy        | 3 4 5 7 8 |  8.7
Fighting       | 3 |  3.9
Dodging        | |  2.4

Action                     |  1- 3 |  4- 6 |  7- 9 || total
---------------------------+-------+-------+-------++-------
  Melee: Dagger            |    14 |       |     5 ||    19
   Cast: Sandblast         |    12 |     2 |     1 ||    15
         Stone Arrow       |       |    14 |    42 ||    56
         Petrify           |       |       |     3 ||     3
    Use: Potion            |       |       |     3 ||     3
   Stab: Sleeping          |     1 |       |     1 ||     2
         Petrified         |       |       |     3 ||     3
 Armour: Robe              |       |       |    21 ||    21
  Dodge: Dodged            |       |     6 |     9 ||    15
